 Dungeon Crawl Stone Soup version 0.30-a0-722-g3e6e8c874d (webtiles) character file.

Game seed: 12142838282387312457

149 mistaj the Trooper (level 5, 0/28 HPs)
             Began as a Vine Stalker Fighter on Jan 28, 2023.
             Succumbed to a scorpion's poison
             ... on level 3 of the Dungeon.
             The game lasted 00:03:12 (2071 turns).

mistaj the Trooper (Vine Stalker Fighter)           Turns: 2071, Time: 00:03:12

Health: 0/28       AC: 12    Str: 19 (21) XL:     5   Next: 31%
Magic:  3/6        EV:  5    Int:  6 (8)  God:
Gold:   106        SH:  4    Dex: 11 (13) Spells: 4/4 levels left

rFire   . . .      SeeInvis .    a - +1 war axe
rCold   . . .      Faith    .    c - +0 buckler
rNeg    . . .      Spirit   +    n - +0 plate armour
rPois   .          Reflect  .    (no helmet)
rElec   .          Harm     .    (no cloak)
rCorr   .          Rampage  .    b - +0 pair of gloves
Will    .....                    (no boots) Stlth
                                 (no amulet)
HPRegen 1.04/turn                g - ring of flight
MPRegen 0.10/turn                (no ring)

@: lethally poisoned (0 -> -1), flying, invisible
A: fangs 2, regeneration 1, magic shield, antimagic bite, no potion heal 2
a: no special abilities


You were on level 3 of the Dungeon.
You visited 1 branch of the dungeon, and saw 3 of its levels.

You collected 106 gold pieces.

Inventory:

Hand Weapons
 a - a +1 war axe (weapon)
Armour
 b - a +0 pair of gloves (worn)
 c - a +0 buckler (worn)
 n - a +0 plate armour (worn)
Jewellery
 g - a ring of flight (left hand)
Scrolls
 k - 3 scrolls of teleportation
Potions
 d - a potion of might
 e - a potion of magic {unknown}
 f - a potion of invisibility
 h - a potion of brilliance {unknown}
 i - a potion of cancellation {unknown}
 l - 2 potions of flight


   Skills:
 + Level 3.5 Fighting
 + Level 2.8 Axes
 + Level 3.2 Armour
 + Level 3.5 Shields


You had 4 spell levels left.
You didn't know any spells.
Your spell library contained the following spells:

 Spells                   Type           Power      Damage    Failure   Level
 Freeze                   Ice            0%         1d3       100%        1
 Passwall                 Tmut/Erth      0%         N/A       100%        2
 Frozen Ramparts          Ice            0%         1d1       100%        3
 Ice Form                 Ice/Tmut       0%         N/A       100%        4
 Shatter                  Erth           0%         3d5*      100%        9


Dungeon Overview and Level Annotations

Branches:
Dungeon (3/15)

Altars:


Innate Abilities, Weirdness & Mutations

You have extremely sharp teeth.
Your natural rate of healing is unusually fast.
When hurt, damage is shared between your health and your magic reserves.
Your bite disrupts and absorbs the magic of your enemies.
Potions cannot restore your health.


Message History

The scorpion is moderately wounded.
The scorpion stings you but does no damage.
The scorpion stings you.
You are poisoned.
The scorpion poisons you!
You barely miss the scorpion.
You bite the scorpion, but do no damage.
The scorpion is moderately wounded.
You feel very sick. The scorpion stings you.
You are more poisoned.
The scorpion poisons you!
The scorpion stings you but does no damage.
You slash the scorpion!
The scorpion is almost dead.
You feel extremely sick. The scorpion stings you.
* * * LOW HITPOINT WARNING * * *
The scorpion stings you but does no damage.
You are too injured to fight recklessly!
You are too injured to fight recklessly!
You closely miss the scorpion.
The scorpion is almost dead.
* * * LOW HITPOINT WARNING * * *
You feel very sick. You block the scorpion's attack.
You slash the scorpion!
You kill the scorpion!
* * * LOW HITPOINT WARNING * * *
You feel very sick.
You have reached level 5!
There is a lethal amount of poison in your body!
It was a potion of degeneration.
There was something very wrong with that liquid.
You feel weakened.
You feel dopey.
You feel clumsy.
* * * LOW HITPOINT WARNING * * *
You feel sick.
It was a potion of invisibility.
You fade into invisibility!
You die...

####.........................
+.........................
####......................
.............>............
####......................
#......................
#......................
#......................
#............@.........
#....................
#....................
#....................
####################.


There were no monsters in sight!

Vanquished Creatures
  A scorpion (D:3)
  3 adders (D:2)
  A worm (D:2)
  A dart slug (D:2)
  An orc (D:3)
  8 ball pythons
  5 bats
  8 endoplasms
  A giant cockroach (D:2)
  6 goblins
  3 hobgoblins
  3 jackals (D:1)
  2 quokkas
  2 frilled lizards
  4 kobolds
  8 rats
57 creatures vanquished.

Notes
Turn   | Place    | Note
-------+----------+-------------------------------------------
     0 | D:1      | mistaj the Vine Stalker Fighter began the quest for the
                  | Orb.
     0 | D:1      | Reached XP level 1. HP: 11/11 MP: 2/2
     1 | D:1      | Found a runed translucent door.
    46 | D:1      | Got the Compilation of the Lithic Icicle
   169 | D:1      | Reached XP level 2. HP: 16/16 MP: 3/3
   537 | D:1      | Reached XP level 3. HP: 14/20 MP: 2/4
   709 | D:2      | Gained mutation: Your natural rate of healing is unusually
                  | fast. [Vine Stalker growth]
   709 | D:2      | Reached XP level 4. HP: 24/24 MP: 5/5
  2059 | D:3      | Noticed a scorpion
  2069 | D:3      | Killed a scorpion
  2070 | D:3      | Reached XP level 5. HP: 2/28 MP: 3/6
  2070 | D:3      | HP: 1/28 [poisoned by a scorpion]
  2071 | D:3      | Succumbed to a scorpion's poison

Illustrated notes

Levels and vault maps discovered:
D:1:      dpeg_arrival_caged_fury, layout_rooms,
          hangedman_abyss_or_decor_lesser_grid
D:2:      minmay_diamond_boxcup, layout_loops_corners, minmay_vboxes
D:3:      layout_basic

Skill      XL: |  1  2  3  4 |
---------------+-------------+-----
Axes           | 2 |  2.8
Shields        | 3 |  3.5
Fighting       | 3 |  3.5
Armour         | 3 |  3.2

Action                     |  1- 3 |  4- 6 || total
---------------------------+-------+-------++-------
  Melee: War axe           |    70 |    49 ||   119
         Bite              |    12 |    10 ||    22
    Use: Scroll            |     1 |     6 ||     7
         Potion            |       |     2 ||     2
 Armour: Scale mail        |     4 |       ||     4
         Chain mail        |    50 |     8 ||    58
         Plate armour      |       |    24 ||    24
  Dodge: Dodged            |    39 |    13 ||    52
  Block: Buckler           |    23 |     7 ||    30

Table legend: (Time is in decaauts)
 A = Elapsed time spent in this place.
 B = Non-inter-level travel time spent in this place.
 C = Inter-level travel time spent in this place.
 D = Time resting spent in this place.
 E = Time spent auto-exploring this place.
 F = Levels seen in this place.
 G = Mean time per level.
                   A        B        C        D        E       F      G
               +--------+--------+--------+--------+--------+-----+--------+
         Total |   2123 |   2069 |     54 |    111 |   1481 |   3 |  707.7 |
       Dungeon |   2123 |   2069 |     54 |    111 |   1481 |   3 |  707.7 |
               +--------+--------+--------+--------+--------+-----+--------+

Top non-repeatable levels by time:
     D:2: 1120 daAuts
     D:1: 584 daAuts
     D:3: 418 daAuts
